 Dungeon Crawl Stone Soup version 0.13-b1-54-gfe00c74 (webtiles) character file.

267 Lilouch the Covered (level 3, -4/24 HPs)
             Began as a Gargoyle Fighter on Oct 10, 2013.
             Killed by divine providence
             ... invoked by an orc priest
              (10 damage)
             ... on Level 3 of the Dungeon.
             The game lasted 00:08:13 (1275 turns).

Lilouch the Covered (Gargoyle Fighter)              Turns: 1275, Time: 00:08:13

HP  -4/24        AC 11     Str 20      XL: 3   Next: 97%
MP   2/2         EV  6     Int  8      God:
Gold 211         SH 18     Dex  9      Spells:  0 memorised,  2 levels left

Res.Fire  : . . .   See Invis. : .   a - +0 mace
Res.Cold  : . . .   Warding    : .   b - +0 scale mail
Life Prot.: + . .   Conserve   : .   c - +0 shield
Res.Poison: +       Res.Corr.  : .   (no helmet)
Res.Elec. : +       Clarity    : .   j - +0 cloak (curse)
Sust.Abil.: . .     Spirit.Shd : .   (no gloves)
Res.Mut.  : +       Stasis     : .   (no boots)
Res.Rott. : +       Flight     : .   J - amulet of resist mutation {unknown}
Saprovore : . . .                    (no ring)
                                     (no ring)

@: not resistant to hostile enchantments, extremely unstealthy
A: fangs 1, talons 2, life protection 1, electricity resistance, slow metabolism
1, unbreathing, petrification resistance, AC +3
a: no special abilities


You were on level 3 of the Dungeon.
You were not hungry.

You visited 1 branch of the dungeon, and saw 3 of its levels.

You collected 191 gold pieces.

Inventory:

Hand weapons
 a - a +0,+0 mace (weapon)
 e - a +0,+3 dwarven dagger (quivered)
 g - a +0,+0 dagger
 u - a cursed +0,-1 spear
Missiles
 f - 20 darts
 i - 53 stones
 r - 11 poisoned needles
 x - 13 darts of frost
Armour
 b - a +0 scale mail (worn)
 c - a +0 shield (worn)
 j - a cursed +0 cloak (worn)
 k - a +0 chain mail
Magical devices
 D - a wand of frost (9)
Comestibles
 d - 2 bread rations
 q - a rotting chunk of rat flesh
 z - 2 meat rations
 I - 2 rotting chunks of kobold flesh
 K - a rotting chunk of rat flesh
Scrolls
 n - a scroll of noise {unknown}
 s - 4 scrolls of remove curse {unknown}
 v - a scroll of identify {unknown}
 y - a scroll of magic mapping {unknown}
 A - a scroll of enchant armour {unknown}
 B - a scroll of curse weapon {unknown}
 H - 2 scrolls of blinking {unknown}
Jewellery
 J - an amulet of resist mutation (around neck) {unknown}
Potions
 h - 6 potions of curing {unknown}
 l - a potion of degeneration {unknown}
 m - a potion of brilliance {unknown}
 o - 2 potions of resistance {unknown}
 p - 2 potions of heal wounds {unknown}
 t - a potion of restore abilities {unknown}
 w - 2 potions of agility {unknown}
 F - a potion of speed {unknown}


   Skills:
 - Level 3.5 Fighting
 * Level 3.2 Maces & Flails
 + Level 3.8 Armour
 - Level 0.1 Dodging
 + Level 3.7 Shields


You had 2 spell levels left.
You didn't know any spells.

Dungeon Overview and Level Annotations

Branches:
Dungeon (3/27)

Altars:
Nemelex Xobeh
Vehumet
the Shining One


Innate Abilities, Weirdness & Mutations

You are resistant to torment.
You are immune to poison.
Your stone body is very resilient (AC +3).
You have very sharp teeth.
You have razor-sharp toenails.
You resist negative energy.
You are resistant to electric shocks.
You have a slow metabolism.
You can survive without breathing.
You are immune to petrification.


Message History

You hit the orc. Your kick misses the orc.
The orc is moderately wounded.
You block the orc's attack. It hits you.
You miss it. The orc hits you but does no damage. You block its attack.
It hits you but does no damage. The orc hits you but does no damage.
You sock the orc!
You kill the orc!
An orc comes into view. It is wielding an orcish club.
You thump the orc!
You kill the orc!
The orc priest's eyes start to glow.
It drops an orcish dagger.
It picks up an orcish flail.
The orc priest calls down the wrath of Beogh upon you.
Something smites you!
Ouch! That really hurt!
* * * LOW HITPOINT WARNING * * *
It picks up an orcish dagger.
The orc priest calls down the wrath of Beogh upon you.
Something smites you!
You die...

#...........# ....
#...........# .o...
#...........##......
#......##.#.........
#......##..o........
#......###.........
#####......#
#.....####
............#
#.....#
#######'#@####.....#
#.#o.........#
#.############ #.#
#.# #.# ### #.# #<#
#.# #.# #.# #.#


You could see an orc priest.

Vanquished Creatures
  An adder (D:2)
  2 giant geckos
  3 orcs (D:3)
  4 hobgoblins (D:1)
  3 jackals (D:1)
  3 bats
  2 giant cockroaches
  3 giant newts
  3 goblins (D:1)
  10 kobolds
  11 rats
45 creatures vanquished.

Notes
Turn   | Place    | Note
--------------------------------------------------------------
     0 | D:1      | Lilouch, the Gargoyle Fighter, began the quest for the Orb.
     0 | D:1      | Reached XP level 1. HP: 14/14 MP: 0/0
   100 | D:1      | Reached XP level 2. HP: 17/19 MP: 1/1
   342 | D:1      | Reached XP level 3. HP: 24/24 MP: 2/2
   788 | D:2      | Found a radiant altar of Vehumet.
   958 | D:2      | Found a glowing golden altar of the Shining One.
  1241 | D:3      | Found a sparkling altar of Nemelex Xobeh.
  1275 | D:3      | Killed from afar by an orc priest

Action                   || total
-------------------------++-------
Melee: Mace              ||   110
